 Dungeon Crawl Stone Soup version 0.20.0-15-g7f486f2 (webtiles) character file.

114 vishdafish the Sneak (level 4, -1/42 HPs)
             Began as a Naga Fighter on June 30, 2017.
             Killed from afar by an orc wizard (11 damage)
             ... with a magic dart
             ... on level 3 of the Dungeon.
             The game lasted 00:04:45 (2581 turns).

vishdafish the Sneak (Naga Fighter)                 Turns: 2581, Time: 00:04:45

Health: -1/42      AC:  4    Str: 19    XL:     4   Next: 97%
Magic:  4/4        EV:  5    Int: 13    God:
Gold:   173        SH:  9    Dex: 11    Spells: 3/3 levels left

rFire    + . .     SeeInvis +   a - +0 rapier
rCold    . . .     Gourm    .   c - +0 shield
rNeg     . . .     Faith    .   b - +0 scale mail
rPois    +         Spirit   .   (no helmet)
rElec    .         Reflect  .   (no cloak)
rCorr    .         Harm     .   (no gloves)
MR       .....                  (no barding)
Stlth    +.........             (no amulet)
Regen    0.2/turn               m - ring of protection from fire
MPRegen  0.1/turn               (no ring)

@: brilliant, very slow
A: see invisible, deformed body, poison resistance, slowness 2, slow metabolism
1, spit poison 1, AC +1
a: Spit Poison


You were on level 3 of the Dungeon.
You were very hungry.

You visited 1 branch of the dungeon, and saw 3 of its levels.

You collected 173 gold pieces.

Inventory:

Hand Weapons
 a - a +0 rapier (weapon)
 d - a +0 antimagic dagger
Armour
 b - a +0 scale mail (worn)
 c - a +0 shield (worn)
Jewellery
 m - a ring of protection from fire (left hand)
 s - an uncursed ring of fire
 t - an uncursed ring of flight {unknown}
 v - an uncursed ring of stealth {unknown}
Scrolls
 h - a scroll of remove curse {unknown}
 j - a scroll of amnesia {unknown}
 l - 3 scrolls of identify {unknown}
 n - a scroll of immolation {unknown}
 o - a scroll of enchant weapon {unknown}
 p - a scroll of teleportation
Potions
 i - a potion of brilliance
 k - a potion of berserk rage {unknown}
 r - a potion of haste {unknown}
Comestibles
 f - 2 bread rations
 g - a royal jelly
 q - 4 fruits


   Skills:
 + Level 3.3 Fighting
 * Level 3.0 Short Blades
 - Level 2.4 Armour
 * Level 4.0 Stealth
 * Level 3.1 Shields


You had 3 spell levels left.
You didn't know any spells.

Dungeon Overview and Level Annotations

Branches:
Dungeon (3/15)

Altars:
Ashenzari
Elyvilon
Qazlal
Uskayaw
Xom

Annotations:
D:3 Ijyb, Robin


Innate Abilities, Weirdness & Mutations

You cannot wear boots.
Your serpentine skin is tough. (AC +1)
You have supernaturally acute eyesight. (SInv)
Armour fits poorly on your strangely shaped body.
Your system is resistant to poisons. (rPois)
You cover ground very slowly.
You have a slow metabolism.
You can spit poison.


Message History

The orc wizard hits you but does no damage.
You block the orc wizard's attack.
It was a potion of curing.
You feel better. The orc wizard barely misses you.
You hit the orc wizard.
The orc wizard is moderately wounded.
You block the orc wizard's attack.
The orc wizard hits you but does no damage.
You closely miss the orc wizard.
The orc wizard is moderately wounded.
The orc wizard hits you but does no damage.
The orc wizard gestures wildly while chanting.
The orc wizard blinks!
The orc wizard hits you with a dagger.
* * * LOW HITPOINT WARNING * * *
You closely miss the orc wizard.
The orc wizard is moderately wounded.
You block the orc wizard's attack.
The orc wizard gestures at you while chanting.
The magic dart hits you!
You die...

.## ##..##.# ###...##.#
#######.........#
#.....##.#......#
#.....##......#.####
#..o..#)%#.#........
#..@.....#.#........
#.ยง...##.#..........
#......##.#......####
#.......##......######
#############.### #..
#......## #.# #.#
######...))..# #.# ##.#
.......<###..####.#####..#
######....#..##......##...


You could see an orc wizard.

Vanquished Creatures
  Jessica (D:3)
  An adder (D:2)
  2 worms (D:2)
  A dart slug (D:3)
  3 leopard geckos
  3 orcs (D:3)
  7 bats
  4 giant cockroaches
  12 goblins
  7 hobgoblins
  4 jackals (D:2)
  4 kobolds
  A quokka (D:2)
  3 ball pythons
  2 frilled lizards
  5 rats
60 creatures vanquished.

Notes
Turn   | Place    | Note
-------+----------+-------------------------------------------
     0 | D:1      | vishdafish the Naga Fighter began the quest for the Orb.
     0 | D:1      | Reached XP level 1. HP: 21/21 MP: 1/1
   165 | D:1      | Reached skill level 1 in Stealth
   223 | D:1      | Reached XP level 2. HP: 24/28 MP: 2/2
   521 | D:1      | Reached skill level 2 in Stealth
   794 | D:2      | Reached XP level 3. HP: 32/34 MP: 3/3
  1001 | D:2      | Reached skill level 3 in Stealth
  1223 | D:2      | Found a stormy altar of Qazlal.
  1263 | D:2      | Found a shattered altar of Ashenzari.
  1604 | D:2      | Reached XP level 4. HP: 42/42 MP: 4/4
  1679 | D:2      | Found a shimmering altar of Xom.
  1875 | D:3      | Found a hide-covered altar of Uskayaw.
  2044 | D:3      | Noticed Robin
  2046 | D:3      | Noticed Jessica
  2048 | D:3      | Noticed Ijyb
  2086 | D:3      | Found a white marble altar of Elyvilon.
  2536 | D:3      | Killed Jessica
  2536 | D:3      | Reached skill level 4 in Stealth
  2574 | D:3      | HP: 1/42 [orc wizard/dagger (3)]
  2581 | D:3      | Killed from afar by an orc wizard

Skill      XL: |  1  2  3  4 |
---------------+-------------+-----
Stealth        | 1 2 3 4 |  4.0
Shields        | 3 |  3.1
Short Blades   | 3 |  3.0
Fighting       | |  3.3
Armour         | |  2.4

Action                   |  1- 3 |  4- 6 || total
-------------------------+-------+-------++-------
Melee: Rapier            |   159 |    75 ||   234
  Use: Potion            |       |     3 ||     3
       Scroll            |       |     1 ||     1
  Eat: Chunk             |     1 |     2 ||     3
Armor: Scale mail        |    83 |    34 ||   117
Dodge: Dodged            |    47 |    16 ||    63
Block: Shield            |    99 |    60 ||   159
